[ AOE2 MATCH · #476779147 ]
UnrankedLithuanians vs Ethiopians
[ REPLAY ANALYSIS · EXTRACTED FROM THE RECORDED GAME ]
Feudal
14:58
Castle
18:29
Imperial
—
| APM avg | 45.7 |
| APM peak | 90 |
| eAPM avg | 23.8 |
| Villagers / military | 71 / 25 |
Focus
⚔️ 21.3% · 🌾 78.7%
Fishing Ship ×27 · Scout Cavalry ×15 · Fire Galley ×4 · Knight ×3 · Mangonel ×3 · Unknown (2626) ×3
Feudal
13:23
Castle
17:19
Imperial
—
| APM avg | 59.6 |
| APM peak | 95 |
| eAPM avg | 32.9 |
| Villagers / military | 60 / 27 |
Focus
⚔️ 26.8% · 🌾 73.2%
Fishing Ship ×20 · Cavalry Archer ×14 · Knight ×5 · Scout Cavalry ×4 · Mangonel ×3 · Battering Ram ×1
Feudal
15:16
Castle
18:48
Imperial
—
| APM avg | 23.9 |
| APM peak | 41 |
| eAPM avg | 17.3 |
| Villagers / military | 70 / 18 |
Focus
⚔️ 27.1% · 🌾 72.9%
Fishing Ship ×17 · Spearman ×12 · Mangonel ×3 · Unknown (2626) ×3 · Monk ×2 · Scorpion ×1
Feudal
13:09
Castle
20:26
Imperial
—
| APM avg | 28.7 |
| APM peak | 52 |
| eAPM avg | 12.8 |
| Villagers / military | 60 / 8 |
Focus
⚔️ 11.1% · 🌾 88.9%
Fishing Ship ×11 · Scout Cavalry ×5 · Scorpion ×2 · Demolition Raft ×1
Feudal
12:49
Castle
15:40
Imperial
—
| APM avg | 78.8 |
| APM peak | 168 |
| eAPM avg | 42.6 |
| Villagers / military | 87 / 30 |
Focus
⚔️ 54.7% · 🌾 45.3%
Archer ×28 · Fishing Ship ×11 · Mangonel ×1 · Skirmisher ×1
Feudal
12:34
Castle
16:14
Imperial
—
| APM avg | 43.3 |
| APM peak | 78 |
| eAPM avg | 19.0 |
| Villagers / military | 74 / 45 |
Focus
⚔️ 39.2% · 🌾 60.8%
Archer ×37 · Fishing Ship ×13 · Spearman ×5 · Elephant Archer ×3
Feudal
15:54
Castle
19:38
Imperial
—
| APM avg | 38.8 |
| APM peak | 54 |
| eAPM avg | 21.5 |
| Villagers / military | 61 / 5 |
Focus
⚔️ 28.4% · 🌾 71.6%
Unknown (2626) ×22 · Fishing Ship ×19 · Scout Cavalry ×3 · Scorpion ×1 · Fire Galley ×1
Feudal
13:16
Castle
17:59
Imperial
—
| APM avg | 42.4 |
| APM peak | 69 |
| eAPM avg | 24.8 |
| Villagers / military | 87 / 15 |
Focus
⚔️ 22.8% · 🌾 77.2%
Fishing Ship ×17 · Unknown (2626) ×14 · Fire Galley ×9 · Mangudai ×6
Match map
Initial resources + every placement click. Lines = walls · curves = elevation contours. ◆ gold · ⬟ stone · ● berries · ✦ relic · ◌ wall gap
Your base· Open — 4t gap
Dovecar's base· Open — 4t gap
OS | dreamerion92's base· Open — unwalled flank
Vukus's base· Open — 7t gap
Mr.Peo's base· Open — unwalled flank
L.Js's base· Open — 7t gap
Świdryfircyś's base· Open — unwalled flank
Gun™'s base· Open — unwalled flank
Smoothed initial terrain · ◌ = detected wall gap · hover for details
Inputs per minute
— ELEOS | wosm - - Dovecar
Build order — ELEOS | wosm
First 150 of 199 actions detected
| 0:02 | Build | Town Center |
| 0:35 | Build | Dock |
| 1:53 | Build | House |
| 2:06 | Build | House |
| 2:26 | Create | Villager (Male) |
| 2:26 | Create | Villager (Male) |
| 2:26 | Create | Villager (Male) |
| 2:26 | Create | Villager (Male) |
| 2:27 | Create | Villager (Male) |
| 2:27 | Create | Villager (Male) |
| 3:29 | Create | Fishing Ship |
| 3:43 | Create | Villager (Male) |
| 4:13 | Create | Fishing Ship |
| 4:21 | Build | House |
| 4:36 | Create | Fishing Ship |
| 4:57 | Create | Villager (Male) |
| 5:08 | Create | Fishing Ship |
| 5:08 | Create | Fishing Ship |
| 5:37 | Create | Villager (Male) |
| 5:41 | Build | House |
| 5:55 | Create | Fishing Ship |
| 6:04 | Create | Villager (Male) |
| 6:25 | Create | Fishing Ship |
| 6:44 | Create | Villager (Male) |
| 6:54 | Build | House |
| 7:07 | Create | Villager (Male) |
| 7:27 | Build | Dock |
| 7:37 | Research | Loom |
| 7:52 | Build | House |
| 8:02 | Create | Fishing Ship |
| 8:02 | Create | Villager (Male) |
| 8:11 | Create | Fishing Ship |
| 8:22 | Create | Villager (Male) |
| 8:33 | Create | Fishing Ship |
| 8:45 | Create | Fishing Ship |
| 8:46 | Create | Villager (Male) |
| 9:09 | Create | Villager (Male) |
| 9:20 | Build | Dock |
| 9:28 | Create | Villager (Male) |
| 9:32 | Create | Fishing Ship |
| 9:45 | Build | House |
| 9:51 | Create | Villager (Male) |
| 10:10 | Build | House |
| 10:11 | Create | Villager (Male) |
| 10:13 | Create | Fishing Ship |
| 10:24 | Create | Fishing Ship |
| 10:46 | Build | Lumber Camp |
| 10:48 | Create | Villager (Male) |
| 10:50 | Create | Villager (Male) |
| 11:04 | Create | Fishing Ship |
| 11:20 | Create | Villager (Male) |
| 11:21 | Create | Fishing Ship |
| 11:32 | Build | Mining Camp |
| 11:40 | Create | Fishing Ship |
| 11:51 | Create | Fishing Ship |
| 12:04 | Build | House |
| 12:05 | Create | Villager (Male) |
| 12:16 | Create | Fishing Ship |
| 12:29 | Create | Fishing Ship |
| 12:41 | Research | Feudal Age |
| 12:45 | Create | Fishing Ship |
| 13:14 | Create | Fishing Ship |
| 13:16 | Create | Fishing Ship |
| 13:24 | Build | House |
| 13:32 | Build | House |
| 13:49 | Build | Barracks |
| 14:37 | Create | Villager (Male) |
| 14:37 | Create | Villager (Male) |
| 14:58 | Age | Feudal Age |
| 15:01 | Build | Stable |
| 15:04 | Build | Blacksmith |
| 15:07 | Research | Double-Bit Axe |
| 15:15 | Research | Tech 906 |
| 15:40 | Build | Mill |
| 15:43 | Create | Villager (Male) |
| 15:49 | Research | Castle Age |
| 15:54 | Create | Scout Cavalry |
| 15:55 | Create | Scout Cavalry |
| 16:05 | Build | Stable |
| 16:13 | Create | Unit 2626 |
| 16:22 | Research | Scale Barding Armor |
| 16:27 | Create | Unit 2626 |
| 16:40 | Create | Scout Cavalry |
| 16:45 | Build | House |
| 16:46 | Build | House |
| 16:49 | Create | Scout Cavalry |
| 16:52 | Research | Forging |
| 16:56 | Create | Fishing Ship |
| 16:56 | Create | Fishing Ship |
| 17:10 | Create | Scout Cavalry |
| 17:17 | Research | Bloodlines |
| 17:17 | Research | Bloodlines |
| 17:39 | Create | Villager (Male) |
| 17:44 | Build | House |
| 17:48 | Create | Villager (Male) |
| 17:56 | Create | Scout Cavalry |
| 17:57 | Create | Scout Cavalry |
| 18:11 | Create | Villager (Male) |
| 18:29 | Age | Castle Age |
| 18:31 | Build | Town Center |
| 18:41 | Create | Villager (Male) |
| 18:53 | Create | Scout Cavalry |
| 19:01 | Research | Husbandry |
| 19:05 | Research | Light Cavalry (upgrade) |
| 19:30 | Create | Knight |
| 19:30 | Create | Knight |
| 19:30 | Create | Knight |
| 19:39 | Create | Villager (Male) |
| 19:43 | Build | Town Center |
| 19:53 | Create | Villager (Male) |
| 19:59 | Build | House |
| 20:01 | Create | Scout Cavalry |
| 20:01 | Create | Scout Cavalry |
| 20:10 | Create | Scout Cavalry |
| 20:11 | Create | Villager (Male) |
| 20:29 | Create | Scout Cavalry |
| 20:29 | Create | Villager (Male) |
| 20:43 | Create | Villager (Male) |
| 21:00 | Create | Villager (Male) |
| 21:01 | Create | Villager (Male) |
| 21:01 | Create | Villager (Male) |
| 21:11 | Build | House |
| 21:13 | Create | Villager (Male) |
| 21:19 | Build | Lumber Camp |
| 21:21 | Create | Villager (Male) |
| 21:24 | Research | Light Cavalry (upgrade) |
| 21:29 | Create | Scout Cavalry |
| 21:29 | Create | Scout Cavalry |
| 21:35 | Create | Villager (Male) |
| 21:46 | Create | Scout Cavalry |
| 21:47 | Create | Villager (Male) |
| 22:00 | Build | Siege Workshop |
| 22:08 | Create | Villager (Male) |
| 22:22 | Create | Villager (Male) |
| 22:26 | Create | Villager (Male) |
| 22:37 | Create | Villager (Male) |
| 22:40 | Create | Villager (Male) |
| 22:40 | Create | Villager (Male) |
| 22:41 | Create | Villager (Male) |
| 22:57 | Create | Villager (Male) |
| 23:09 | Create | Mangonel |
| 23:11 | Create | Villager (Male) |
| 23:11 | Create | Villager (Male) |
| 23:32 | Create | Villager (Male) |
| 23:37 | Build | House |
| 23:50 | Research | Town Watch |
| 23:53 | Research | Wheelbarrow |
| 23:59 | Build | House |
| 24:14 | Create | Villager (Male) |
| 24:18 | Create | Villager (Male) |
Build order — Dovecar
First 150 of 198 actions detected
| 0:02 | Build | Town Center |
| 1:26 | Build | Dock |
| 1:28 | Build | House |
| 2:27 | Create | Villager (Male) |
| 2:29 | Create | Villager (Male) |
| 2:30 | Create | Villager (Male) |
| 2:32 | Create | Villager (Male) |
| 3:36 | Create | Fishing Ship |
| 3:51 | Build | House |
| 3:55 | Research | Loom |
| 3:55 | Research | Loom |
| 4:28 | Create | Villager (Male) |
| 4:33 | Create | Fishing Ship |
| 4:33 | Create | Fishing Ship |
| 5:07 | Create | Villager (Male) |
| 5:07 | Create | Villager (Male) |
| 5:28 | Create | Fishing Ship |
| 5:32 | Create | Villager (Male) |
| 5:56 | Create | Villager (Male) |
| 6:03 | Build | House |
| 6:13 | Create | Villager (Male) |
| 6:42 | Create | Fishing Ship |
| 6:43 | Create | Fishing Ship |
| 6:43 | Create | Villager (Male) |
| 6:44 | Create | Villager (Male) |
| 7:11 | Create | Fishing Ship |
| 7:13 | Create | Villager (Male) |
| 7:20 | Build | House |
| 7:42 | Create | Villager (Male) |
| 7:43 | Create | Fishing Ship |
| 7:48 | Build | House |
| 8:08 | Build | Palisade Wall |
| 8:08 | Build | Palisade Wall |
| 8:08 | Build | Palisade Wall |
| 8:11 | Create | Villager (Male) |
| 8:12 | Create | Villager (Male) |
| 8:25 | Create | Villager (Male) |
| 8:25 | Create | Villager (Male) |
| 8:42 | Create | Fishing Ship |
| 8:42 | Create | Fishing Ship |
| 8:58 | Build | Palisade Wall |
| 8:59 | Build | Palisade Wall |
| 9:02 | Build | Palisade Wall |
| 9:03 | Create | Villager (Male) |
| 9:15 | Build | House |
| 9:17 | Create | Fishing Ship |
| 9:17 | Create | Fishing Ship |
| 9:21 | Create | Villager (Male) |
| 9:21 | Create | Villager (Male) |
| 9:43 | Create | Villager (Male) |
| 9:53 | Build | House |
| 9:58 | Create | Fishing Ship |
| 10:00 | Create | Villager (Male) |
| 10:02 | Build | House |
| 10:03 | Build | Palisade Wall |
| 10:14 | Build | House |
| 10:31 | Build | House |
| 10:41 | Build | Mining Camp |
| 10:46 | Build | House |
| 11:13 | Research | Feudal Age |
| 11:13 | Research | Feudal Age |
| 11:30 | Build | Palisade Wall |
| 11:44 | Build | Palisade Wall |
| 11:45 | Build | Barracks |
| 11:54 | Create | Fishing Ship |
| 12:09 | Build | Palisade Wall |
| 12:10 | Build | Palisade Wall |
| 12:10 | Build | Palisade Wall |
| 12:11 | Build | Palisade Wall |
| 12:11 | Build | Palisade Wall |
| 12:53 | Create | Villager (Male) |
| 12:53 | Create | Villager (Male) |
| 13:13 | Build | Palisade Gate |
| 13:23 | Age | Feudal Age |
| 13:24 | Build | Stable |
| 13:26 | Create | Villager (Male) |
| 13:33 | Build | Palisade Wall |
| 13:33 | Build | Palisade Wall |
| 13:36 | Build | Blacksmith |
| 13:38 | Build | Palisade Wall |
| 14:39 | Research | Castle Age |
| 14:41 | Build | Dock |
| 15:01 | Create | Scout Cavalry |
| 15:09 | Build | Lumber Camp |
| 15:26 | Create | Scout Cavalry |
| 15:40 | Research | Double-Bit Axe |
| 15:40 | Research | Double-Bit Axe |
| 16:00 | Research | Tech 906 |
| 16:16 | Create | Scout Cavalry |
| 16:21 | Create | Fishing Ship |
| 16:26 | Create | Fishing Ship |
| 16:45 | Create | Scout Cavalry |
| 16:49 | Create | Villager (Male) |
| 17:19 | Age | Castle Age |
| 17:21 | Research | Light Cavalry (upgrade) |
| 17:31 | Create | Knight |
| 17:33 | Create | Villager (Male) |
| 17:39 | Build | Siege Workshop |
| 17:49 | Research | Bow Saw |
| 17:52 | Build | House |
| 18:02 | Create | Knight |
| 18:24 | Create | Villager (Male) |
| 18:30 | Create | Knight |
| 18:33 | Create | Mangonel |
| 18:37 | Create | Villager (Male) |
| 18:54 | Build | House |
| 18:57 | Build | House |
| 19:01 | Research | Gillnets |
| 19:06 | Create | Villager (Male) |
| 19:13 | Build | House |
| 19:31 | Create | Mangonel |
| 19:33 | Research | Fletching |
| 19:34 | Create | Villager (Male) |
| 19:52 | Research | Bloodlines |
| 19:56 | Build | Archery Range |
| 20:03 | Create | Knight |
| 20:10 | Create | Villager (Male) |
| 20:14 | Build | Archery Range |
| 20:25 | Create | Villager (Male) |
| 20:34 | Create | Cavalry Archer |
| 20:51 | Build | Fish Trap |
| 20:51 | Build | Fish Trap |
| 21:00 | Create | Cavalry Archer |
| 21:00 | Create | Cavalry Archer |
| 21:20 | Create | Villager (Male) |
| 21:20 | Create | Villager (Male) |
| 21:40 | Research | Bodkin Arrow |
| 21:41 | Create | Villager (Male) |
| 21:43 | Build | Town Center |
| 22:00 | Build | House |
| 22:01 | Create | Villager (Male) |
| 22:13 | Create | Cavalry Archer |
| 22:13 | Create | Cavalry Archer |
| 22:15 | Create | Villager (Male) |
| 22:24 | Create | Villager (Male) |
| 22:29 | Research | Gold Mining |
| 22:30 | Research | Gold Mining |
| 22:35 | Create | Villager (Male) |
| 22:42 | Create | Cavalry Archer |
| 22:43 | Create | Villager (Male) |
| 22:46 | Create | Villager (Male) |
| 22:50 | Build | Fish Trap |
| 22:51 | Build | Fish Trap |
| 22:51 | Build | Fish Trap |
| 23:21 | Create | Mangonel |
| 23:32 | Create | Villager (Male) |
| 23:34 | Build | House |
| 23:37 | Create | Villager (Male) |
| 23:39 | Build | Fish Trap |
| 23:56 | Create | Villager (Male) |
Build order — OS | dreamerion92
First 150 of 161 actions detected
| 0:10 | Build | Town Center |
| 1:21 | Build | House |
| 1:24 | Build | Dock |
| 2:34 | Create | Villager (Male) |
| 2:34 | Create | Villager (Male) |
| 2:34 | Create | Villager (Male) |
| 2:35 | Create | Villager (Male) |
| 3:04 | Build | House |
| 4:13 | Research | Loom |
| 4:20 | Create | Fishing Ship |
| 4:42 | Create | Villager (Male) |
| 4:45 | Build | House |
| 5:37 | Create | Villager (Male) |
| 5:40 | Create | Fishing Ship |
| 6:05 | Create | Villager (Male) |
| 6:35 | Create | Villager (Male) |
| 6:36 | Create | Fishing Ship |
| 7:04 | Create | Villager (Male) |
| 7:10 | Create | Fishing Ship |
| 7:33 | Create | Villager (Male) |
| 7:46 | Create | Villager (Male) |
| 7:58 | Build | House |
| 8:05 | Create | Fishing Ship |
| 8:17 | Create | Villager (Male) |
| 8:45 | Create | Fishing Ship |
| 8:46 | Create | Villager (Male) |
| 9:09 | Build | Dock |
| 9:13 | Create | Villager (Male) |
| 9:20 | Build | House |
| 9:31 | Create | Villager (Male) |
| 9:37 | Create | Fishing Ship |
| 9:51 | Build | House |
| 9:59 | Create | Fishing Ship |
| 10:06 | Create | Villager (Male) |
| 10:16 | Create | Villager (Male) |
| 10:21 | Create | Fishing Ship |
| 10:23 | Create | Villager (Male) |
| 10:32 | Build | House |
| 10:52 | Create | Fishing Ship |
| 10:56 | Create | Villager (Male) |
| 10:57 | Create | Fishing Ship |
| 11:21 | Build | Lumber Camp |
| 11:23 | Create | Villager (Male) |
| 11:43 | Create | Fishing Ship |
| 11:44 | Create | Villager (Male) |
| 12:11 | Create | Villager (Male) |
| 12:20 | Create | Fishing Ship |
| 12:22 | Create | Villager (Male) |
| 12:24 | Create | Fishing Ship |
| 12:41 | Build | Mining Camp |
| 12:54 | Create | Fishing Ship |
| 13:06 | Research | Feudal Age |
| 13:12 | Build | House |
| 13:13 | Build | House |
| 13:20 | Build | Mill |
| 13:26 | Create | Villager (Male) |
| 13:32 | Create | Fishing Ship |
| 13:52 | Create | Fishing Ship |
| 14:27 | Build | Dock |
| 14:39 | Create | Villager (Male) |
| 15:16 | Age | Feudal Age |
| 15:19 | Build | Market |
| 15:22 | Build | Blacksmith |
| 15:54 | Build | Lumber Camp |
| 16:08 | Research | Castle Age |
| 16:14 | Build | Outpost |
| 16:18 | Research | Double-Bit Axe |
| 16:41 | Research | Tech 906 |
| 17:22 | Build | Palisade Gate |
| 17:41 | Build | Palisade Gate |
| 17:52 | Build | House |
| 17:56 | Build | Palisade Wall |
| 17:57 | Create | Villager (Male) |
| 17:58 | Create | Villager (Male) |
| 18:09 | Build | Barracks |
| 18:12 | Build | Barracks |
| 18:13 | Create | Villager (Male) |
| 18:24 | Build | Palisade Gate |
| 18:31 | Create | Villager (Male) |
| 18:39 | Create | Villager (Male) |
| 18:43 | Build | House |
| 18:45 | Create | Villager (Male) |
| 18:48 | Age | Castle Age |
| 19:05 | Create | Spearman |
| 19:09 | Create | Villager (Male) |
| 19:12 | Research | Scale Mail Armor |
| 19:14 | Research | Bow Saw |
| 19:19 | Create | Spearman |
| 19:19 | Create | Spearman |
| 19:27 | Research | Forging |
| 19:35 | Build | Town Center |
| 19:41 | Create | Spearman |
| 19:41 | Create | Spearman |
| 19:42 | Create | Spearman |
| 19:42 | Create | Spearman |
| 19:46 | Create | Villager (Male) |
| 19:56 | Build | Dock |
| 20:00 | Create | Villager (Male) |
| 20:11 | Create | Spearman |
| 20:11 | Create | Spearman |
| 20:11 | Create | Spearman |
| 20:19 | Create | Villager (Male) |
| 20:30 | Create | Villager (Male) |
| 20:36 | Create | Spearman |
| 20:36 | Create | Spearman |
| 21:09 | Create | Villager (Male) |
| 21:09 | Create | Villager (Male) |
| 21:14 | Create | Villager (Male) |
| 21:14 | Create | Villager (Male) |
| 21:19 | Create | Villager (Male) |
| 21:20 | Create | Villager (Male) |
| 21:24 | Build | Town Center |
| 21:38 | Build | Archery Range |
| 21:46 | Build | Siege Workshop |
| 21:52 | Create | Villager (Male) |
| 21:52 | Create | Villager (Male) |
| 21:57 | Build | Market |
| 22:02 | Create | Villager (Male) |
| 22:02 | Create | Villager (Male) |
| 22:15 | Create | Villager (Male) |
| 22:15 | Create | Villager (Male) |
| 22:23 | Create | Mangonel |
| 22:26 | Build | House |
| 22:27 | Build | House |
| 22:28 | Create | Villager (Male) |
| 22:29 | Create | Villager (Male) |
| 22:33 | Create | Unit 2626 |
| 22:48 | Create | Villager (Male) |
| 22:49 | Create | Villager (Male) |
| 22:56 | Create | Scorpion |
| 23:02 | Create | Villager (Male) |
| 23:02 | Create | Villager (Male) |
| 23:05 | Create | Villager (Male) |
| 23:06 | Create | Villager (Male) |
| 23:17 | Build | Monastery |
| 23:19 | Create | Villager (Male) |
| 23:19 | Create | Villager (Male) |
| 23:25 | Build | House |
| 23:27 | Build | House |
| 23:33 | Create | Villager (Male) |
| 23:39 | Create | Villager (Male) |
| 23:40 | Create | Villager (Male) |
| 24:00 | Create | Mangonel |
| 24:04 | Create | Monk |
| 24:12 | Create | Villager (Male) |
| 24:12 | Create | Villager (Male) |
| 24:24 | Create | Villager (Male) |
| 24:38 | Create | Villager (Male) |
| 25:11 | Create | Mangonel |
| 25:15 | Create | Villager (Male) |
Build order — Vukus
130 actions detected in the replay
| 0:30 | Build | Town Center |
| 0:50 | Build | Dock |
| 0:52 | Build | House |
| 2:51 | Create | Villager (Male) |
| 2:51 | Create | Villager (Male) |
| 2:52 | Create | Villager (Male) |
| 2:52 | Create | Villager (Male) |
| 3:48 | Create | Fishing Ship |
| 3:57 | Create | Villager (Male) |
| 4:51 | Create | Villager (Male) |
| 5:10 | Create | Villager (Male) |
| 5:31 | Create | Villager (Male) |
| 5:34 | Create | Fishing Ship |
| 6:03 | Create | Villager (Male) |
| 6:17 | Create | Villager (Male) |
| 6:23 | Build | House |
| 6:36 | Create | Fishing Ship |
| 7:07 | Create | Villager (Male) |
| 7:11 | Build | House |
| 7:21 | Create | Fishing Ship |
| 7:23 | Build | House |
| 7:30 | Create | Villager (Male) |
| 7:35 | Build | House |
| 7:43 | Build | House |
| 7:58 | Create | Villager (Male) |
| 8:08 | Build | House |
| 8:10 | Create | Fishing Ship |
| 8:34 | Create | Villager (Male) |
| 8:35 | Create | Villager (Male) |
| 8:41 | Create | Fishing Ship |
| 9:19 | Create | Villager (Male) |
| 9:20 | Create | Fishing Ship |
| 9:47 | Create | Villager (Male) |
| 9:51 | Build | House |
| 10:03 | Build | Mill |
| 10:06 | Build | House |
| 10:20 | Build | House |
| 10:33 | Create | Villager (Male) |
| 10:58 | Research | Feudal Age |
| 11:48 | Build | Barracks |
| 11:52 | Build | House |
| 12:15 | Build | Lumber Camp |
| 12:57 | Create | Villager (Male) |
| 12:57 | Create | Villager (Male) |
| 13:09 | Age | Feudal Age |
| 13:18 | Build | Stable |
| 13:50 | Create | Villager (Male) |
| 14:00 | Build | Blacksmith |
| 14:02 | Create | Scout Cavalry |
| 14:03 | Create | Scout Cavalry |
| 14:03 | Create | Scout Cavalry |
| 14:04 | Create | Scout Cavalry |
| 14:13 | Research | Double-Bit Axe |
| 14:15 | Create | Villager (Male) |
| 14:22 | Build | House |
| 14:39 | Research | Forging |
| 14:40 | Create | Villager (Male) |
| 14:54 | Create | Villager (Male) |
| 14:55 | Create | Scout Cavalry |
| 15:01 | Build | House |
| 15:13 | Create | Fishing Ship |
| 15:30 | Create | Villager (Male) |
| 15:35 | Create | Fishing Ship |
| 16:07 | Create | Fishing Ship |
| 16:08 | Create | Villager (Male) |
| 16:16 | Build | Market |
| 16:28 | Create | Villager (Male) |
| 17:09 | Create | Villager (Male) |
| 17:36 | Build | House |
| 17:46 | Research | Castle Age |
| 18:01 | Create | Demolition Raft |
| 18:05 | Create | Fishing Ship |
| 18:22 | Build | Pasture |
| 18:25 | Build | Pasture |
| 18:30 | Build | Pasture |
| 18:34 | Research | Tech 1014 |
| 19:06 | Create | Villager (Male) |
| 19:11 | Build | Pasture |
| 20:06 | Create | Villager (Male) |
| 20:26 | Age | Castle Age |
| 20:39 | Build | Siege Workshop |
| 20:40 | Create | Villager (Male) |
| 20:51 | Build | Town Center |
| 21:10 | Create | Scorpion |
| 21:10 | Create | Scorpion |
| 21:36 | Create | Villager (Male) |
| 21:36 | Create | Villager (Male) |
| 21:48 | Build | Lumber Camp |
| 22:02 | Create | Villager (Male) |
| 22:03 | Create | Villager (Male) |
| 22:16 | Create | Villager (Male) |
| 22:16 | Create | Villager (Male) |
| 22:17 | Create | Villager (Male) |
| 22:27 | Build | House |
| 22:28 | Build | House |
| 22:49 | Create | Villager (Male) |
| 23:13 | Create | Villager (Male) |
| 23:22 | Build | House |
| 23:25 | Create | Villager (Male) |
| 23:46 | Create | Villager (Male) |
| 23:58 | Build | Town Center |
| 23:59 | Create | Villager (Male) |
| 24:01 | Research | Bow Saw |
| 24:07 | Create | Villager (Male) |
| 24:22 | Create | Villager (Male) |
| 24:43 | Create | Villager (Male) |
| 24:53 | Build | Monastery |
| 24:58 | Build | University |
| 25:03 | Create | Villager (Male) |
| 25:03 | Create | Villager (Male) |
| 25:30 | Create | Villager (Male) |
| 25:31 | Create | Villager (Male) |
| 25:31 | Create | Villager (Male) |
| 26:09 | Build | Pasture |
| 26:10 | Build | Pasture |
| 26:22 | Research | Imperial Age |
| 26:22 | Create | Villager (Male) |
| 26:23 | Create | Villager (Male) |
| 26:37 | Build | House |
| 26:38 | Build | House |
| 26:43 | Build | Palisade Wall |
| 26:51 | Build | Lumber Camp |
| 26:52 | Create | Villager (Male) |
| 26:52 | Create | Villager (Male) |
| 26:53 | Create | Villager (Male) |
| 26:59 | Build | Pasture |
| 27:02 | Create | Villager (Male) |
| 27:16 | Create | Villager (Male) |
| 27:35 | Create | Villager (Male) |
| 27:35 | Create | Villager (Male) |
Build order — Mr.Peo
First 150 of 215 actions detected
| 0:16 | Build | Town Center |
| 0:24 | Build | Dock |
| 0:25 | Build | House |
| 2:30 | Create | Villager (Male) |
| 2:30 | Create | Villager (Male) |
| 2:30 | Create | Villager (Male) |
| 2:31 | Create | Villager (Male) |
| 2:31 | Create | Villager (Male) |
| 3:30 | Create | Villager (Male) |
| 3:30 | Create | Villager (Male) |
| 3:36 | Create | Fishing Ship |
| 3:36 | Create | Fishing Ship |
| 4:29 | Build | House |
| 4:36 | Research | Loom |
| 4:36 | Research | Loom |
| 4:44 | Create | Villager (Male) |
| 5:00 | Create | Villager (Male) |
| 5:17 | Create | Fishing Ship |
| 5:18 | Create | Fishing Ship |
| 5:31 | Create | Villager (Male) |
| 5:31 | Create | Villager (Male) |
| 5:41 | Build | House |
| 5:49 | Create | Villager (Male) |
| 6:19 | Create | Villager (Male) |
| 6:19 | Create | Villager (Male) |
| 6:21 | Create | Fishing Ship |
| 6:44 | Create | Villager (Male) |
| 6:45 | Create | Villager (Male) |
| 7:01 | Create | Villager (Male) |
| 7:01 | Create | Villager (Male) |
| 7:11 | Create | Fishing Ship |
| 7:17 | Create | Villager (Male) |
| 7:20 | Build | House |
| 7:29 | Build | House |
| 7:45 | Create | Villager (Male) |
| 7:45 | Create | Villager (Male) |
| 7:51 | Create | Fishing Ship |
| 8:01 | Create | Villager (Male) |
| 8:01 | Create | Villager (Male) |
| 8:12 | Create | Fishing Ship |
| 8:19 | Create | Villager (Male) |
| 8:19 | Create | Villager (Male) |
| 8:20 | Create | Villager (Male) |
| 8:34 | Create | Villager (Male) |
| 8:35 | Create | Villager (Male) |
| 8:54 | Create | Fishing Ship |
| 8:59 | Build | House |
| 9:08 | Create | Villager (Male) |
| 9:08 | Create | Villager (Male) |
| 9:08 | Create | Villager (Male) |
| 9:12 | Create | Villager (Male) |
| 9:12 | Create | Villager (Male) |
| 9:17 | Build | House |
| 9:27 | Create | Villager (Male) |
| 9:27 | Create | Villager (Male) |
| 9:33 | Create | Fishing Ship |
| 9:51 | Create | Villager (Male) |
| 9:52 | Create | Villager (Male) |
| 9:52 | Create | Villager (Male) |
| 10:14 | Create | Villager (Male) |
| 10:14 | Create | Villager (Male) |
| 10:14 | Create | Villager (Male) |
| 10:17 | Create | Fishing Ship |
| 10:35 | Build | Lumber Camp |
| 10:35 | Create | Villager (Male) |
| 10:36 | Create | Villager (Male) |
| 10:48 | Create | Villager (Male) |
| 11:14 | Build | Mining Camp |
| 11:16 | Research | Feudal Age |
| 11:16 | Research | Feudal Age |
| 11:53 | Build | Barracks |
| 12:49 | Age | Feudal Age |
| 12:52 | Build | Archery Range |
| 12:56 | Create | Villager (Male) |
| 12:56 | Create | Villager (Male) |
| 13:07 | Build | Blacksmith |
| 13:42 | Build | Archery Range |
| 13:58 | Build | Palisade Wall |
| 14:03 | Build | House |
| 14:04 | Research | Castle Age |
| 14:04 | Research | Castle Age |
| 14:05 | Research | Castle Age |
| 14:15 | Create | Skirmisher |
| 14:32 | Create | Archer |
| 14:39 | Build | Mill |
| 14:52 | Research | Double-Bit Axe |
| 14:53 | Research | Double-Bit Axe |
| 15:00 | Build | House |
| 15:01 | Build | House |
| 15:04 | Create | Archer |
| 15:16 | Build | Palisade Gate |
| 15:24 | Create | Villager (Male) |
| 15:29 | Build | Palisade Wall |
| 15:40 | Age | Castle Age |
| 16:04 | Research | Crossbowman (upgrade) |
| 16:04 | Research | Crossbowman (upgrade) |
| 16:19 | Build | Town Center |
| 16:26 | Build | Palisade Wall |
| 16:35 | Create | Archer |
| 16:36 | Create | Archer |
| 16:36 | Create | Archer |
| 16:47 | Research | Gold Mining |
| 16:48 | Research | Gold Mining |
| 17:02 | Build | House |
| 17:03 | Build | House |
| 17:07 | Build | Palisade Gate |
| 17:23 | Build | Palisade Wall |
| 17:27 | Create | Villager (Male) |
| 17:27 | Create | Villager (Male) |
| 17:38 | Create | Archer |
| 17:38 | Create | Archer |
| 17:49 | Research | Fletching |
| 17:49 | Research | Fletching |
| 18:21 | Create | Archer |
| 18:21 | Create | Archer |
| 18:21 | Create | Archer |
| 18:28 | Create | Villager (Male) |
| 18:31 | Build | Dock |
| 18:37 | Create | Archer |
| 18:40 | Build | Farm |
| 18:41 | Build | Farm |
| 18:42 | Build | Farm |
| 18:44 | Build | House |
| 18:45 | Build | House |
| 18:53 | Create | Archer |
| 19:33 | Build | Farm |
| 19:35 | Build | House |
| 19:40 | Research | Bodkin Arrow |
| 19:41 | Research | Bodkin Arrow |
| 19:51 | Build | Farm |
| 19:55 | Create | Villager (Male) |
| 19:55 | Create | Villager (Male) |
| 19:56 | Create | Villager (Male) |
| 19:58 | Build | Mining Camp |
| 20:12 | Research | Padded Archer Armor |
| 20:12 | Research | Padded Archer Armor |
| 20:15 | Build | House |
| 20:39 | Create | Archer |
| 20:52 | Build | University |
| 21:11 | Research | Leather Archer Armor |
| 21:11 | Research | Leather Archer Armor |
| 21:12 | Create | Archer |
| 21:13 | Create | Archer |
| 21:24 | Build | House |
| 21:25 | Build | House |
| 21:25 | Build | House |
| 21:29 | Create | Archer |
| 21:30 | Create | Archer |
| 21:34 | Build | Farm |
| 21:44 | Create | Villager (Male) |
Build order — L.Js
First 150 of 200 actions detected
| 0:26 | Build | Town Center |
| 0:32 | Build | Dock |
| 2:42 | Create | Villager (Male) |
| 2:42 | Create | Villager (Male) |
| 2:43 | Create | Villager (Male) |
| 2:43 | Create | Villager (Male) |
| 2:43 | Create | Villager (Male) |
| 2:43 | Create | Villager (Male) |
| 3:05 | Create | Villager (Male) |
| 3:05 | Create | Villager (Male) |
| 3:05 | Create | Villager (Male) |
| 3:32 | Create | Fishing Ship |
| 3:32 | Create | Fishing Ship |
| 3:32 | Create | Fishing Ship |
| 3:53 | Build | House |
| 4:04 | Build | House |
| 4:47 | Create | Villager (Male) |
| 5:09 | Create | Villager (Male) |
| 5:10 | Create | Villager (Male) |
| 5:23 | Create | Fishing Ship |
| 5:23 | Create | Fishing Ship |
| 5:23 | Create | Fishing Ship |
| 5:35 | Create | Villager (Male) |
| 5:35 | Create | Villager (Male) |
| 5:35 | Create | Villager (Male) |
| 5:41 | Build | House |
| 6:00 | Create | Villager (Male) |
| 6:01 | Create | Villager (Male) |
| 6:18 | Create | Fishing Ship |
| 6:18 | Create | Fishing Ship |
| 6:18 | Create | Fishing Ship |
| 6:27 | Create | Villager (Male) |
| 6:27 | Create | Villager (Male) |
| 6:27 | Create | Villager (Male) |
| 6:53 | Build | House |
| 6:59 | Build | House |
| 7:03 | Create | Villager (Male) |
| 7:04 | Create | Villager (Male) |
| 7:08 | Build | House |
| 7:16 | Create | Fishing Ship |
| 7:16 | Create | Fishing Ship |
| 7:24 | Create | Villager (Male) |
| 7:25 | Create | Villager (Male) |
| 7:41 | Build | House |
| 7:43 | Create | Villager (Male) |
| 7:43 | Create | Villager (Male) |
| 8:00 | Create | Fishing Ship |
| 8:19 | Create | Villager (Male) |
| 8:29 | Create | Villager (Male) |
| 8:29 | Create | Villager (Male) |
| 8:30 | Create | Villager (Male) |
| 8:30 | Create | Villager (Male) |
| 8:51 | Create | Villager (Male) |
| 8:56 | Create | Villager (Male) |
| 8:56 | Create | Villager (Male) |
| 8:58 | Create | Villager (Male) |
| 8:59 | Create | Villager (Male) |
| 8:59 | Create | Villager (Male) |
| 9:10 | Create | Villager (Male) |
| 9:10 | Create | Villager (Male) |
| 9:20 | Build | Mining Camp |
| 9:29 | Create | Villager (Male) |
| 9:29 | Create | Villager (Male) |
| 9:39 | Create | Fishing Ship |
| 10:22 | Research | Feudal Age |
| 10:22 | Research | Feudal Age |
| 10:22 | Research | Feudal Age |
| 10:23 | Create | Villager (Male) |
| 10:24 | Research | Loom |
| 10:29 | Build | House |
| 10:49 | Build | Barracks |
| 12:34 | Age | Feudal Age |
| 12:36 | Build | Archery Range |
| 12:40 | Build | Blacksmith |
| 12:46 | Build | Lumber Camp |
| 13:20 | Build | Palisade Wall |
| 13:31 | Create | Archer |
| 13:34 | Research | Castle Age |
| 13:35 | Research | Castle Age |
| 13:35 | Research | Castle Age |
| 13:39 | Research | Double-Bit Axe |
| 13:39 | Research | Double-Bit Axe |
| 13:39 | Research | Double-Bit Axe |
| 14:01 | Build | House |
| 14:10 | Create | Archer |
| 14:13 | Research | Fletching |
| 14:13 | Research | Fletching |
| 14:14 | Create | Villager (Male) |
| 14:27 | Create | Archer |
| 14:46 | Create | Archer |
| 15:07 | Build | Archery Range |
| 15:25 | Create | Archer |
| 15:39 | Build | Mill |
| 15:53 | Create | Archer |
| 16:07 | Create | Archer |
| 16:14 | Age | Castle Age |
| 16:16 | Research | Crossbowman (upgrade) |
| 16:16 | Research | Crossbowman (upgrade) |
| 16:17 | Research | Bodkin Arrow |
| 16:18 | Research | Bodkin Arrow |
| 16:30 | Create | Archer |
| 16:30 | Create | Archer |
| 16:52 | Create | Archer |
| 16:53 | Create | Archer |
| 16:56 | Build | House |
| 16:57 | Build | House |
| 17:06 | Build | Town Center |
| 17:21 | Create | Archer |
| 17:32 | Build | House |
| 17:32 | Build | House |
| 17:33 | Create | Villager (Male) |
| 17:44 | Create | Villager (Male) |
| 18:06 | Create | Villager (Male) |
| 18:27 | Create | Villager (Male) |
| 18:31 | Create | Spearman |
| 18:32 | Create | Spearman |
| 18:32 | Create | Spearman |
| 18:40 | Create | Villager (Male) |
| 18:46 | Build | House |
| 19:14 | Create | Villager (Male) |
| 19:38 | Create | Villager (Male) |
| 19:45 | Create | Villager (Male) |
| 19:45 | Create | Villager (Male) |
| 19:52 | Create | Archer |
| 19:52 | Create | Archer |
| 19:59 | Create | Spearman |
| 20:20 | Build | House |
| 20:28 | Create | Villager (Male) |
| 20:46 | Create | Archer |
| 20:46 | Create | Archer |
| 20:50 | Create | Villager (Male) |
| 20:52 | Build | Farm |
| 20:52 | Build | Farm |
| 20:52 | Build | Farm |
| 20:53 | Build | Farm |
| 21:12 | Build | House |
| 21:13 | Create | Villager (Male) |
| 21:16 | Build | Dock |
| 21:25 | Create | Archer |
| 21:25 | Create | Archer |
| 21:32 | Build | Farm |
| 21:37 | Create | Villager (Male) |
| 21:37 | Create | Villager (Male) |
| 21:42 | Build | University |
| 22:09 | Create | Villager (Male) |
| 22:09 | Create | Villager (Male) |
| 22:12 | Build | Farm |
| 22:27 | Create | Villager (Male) |
| 22:30 | Build | House |
| 22:34 | Build | Palisade Gate |
Build order — Świdryfircyś
First 150 of 161 actions detected
| 0:05 | Build | Town Center |
| 0:51 | Build | Palisade Wall |
| 0:52 | Build | Palisade Wall |
| 0:53 | Build | Palisade Wall |
| 0:56 | Build | Palisade Wall |
| 0:59 | Build | Palisade Wall |
| 1:04 | Build | Palisade Wall |
| 1:05 | Build | Palisade Wall |
| 1:07 | Build | Palisade Wall |
| 1:53 | Build | Dock |
| 2:50 | Create | Villager (Male) |
| 2:50 | Create | Villager (Male) |
| 2:50 | Create | Villager (Male) |
| 2:51 | Create | Villager (Male) |
| 3:24 | Create | Fishing Ship |
| 4:19 | Create | Fishing Ship |
| 4:28 | Create | Villager (Male) |
| 4:37 | Build | House |
| 5:00 | Research | Loom |
| 5:27 | Create | Fishing Ship |
| 5:31 | Create | Villager (Male) |
| 6:00 | Create | Villager (Male) |
| 6:11 | Create | Fishing Ship |
| 6:35 | Create | Villager (Male) |
| 6:53 | Create | Fishing Ship |
| 7:10 | Create | Villager (Male) |
| 7:12 | Build | House |
| 7:35 | Create | Fishing Ship |
| 7:57 | Create | Villager (Male) |
| 8:21 | Create | Villager (Male) |
| 8:21 | Create | Fishing Ship |
| 8:41 | Create | Villager (Male) |
| 8:53 | Build | House |
| 9:03 | Build | Dock |
| 9:08 | Create | Villager (Male) |
| 9:18 | Create | Fishing Ship |
| 9:33 | Create | Villager (Male) |
| 9:39 | Build | House |
| 9:56 | Create | Villager (Male) |
| 10:01 | Create | Fishing Ship |
| 10:14 | Create | Fishing Ship |
| 10:29 | Create | Villager (Male) |
| 10:38 | Create | Fishing Ship |
| 11:01 | Create | Fishing Ship |
| 11:15 | Create | Fishing Ship |
| 11:25 | Create | Villager (Male) |
| 11:32 | Create | Fishing Ship |
| 11:45 | Create | Villager (Male) |
| 11:59 | Build | House |
| 12:03 | Create | Fishing Ship |
| 12:04 | Create | Villager (Male) |
| 12:08 | Build | House |
| 12:27 | Create | Villager (Male) |
| 12:27 | Create | Fishing Ship |
| 12:31 | Build | House |
| 12:43 | Create | Fishing Ship |
| 13:04 | Build | Lumber Camp |
| 13:11 | Build | Lumber Camp |
| 13:15 | Create | Villager (Male) |
| 13:34 | Research | Feudal Age |
| 13:36 | Create | Fishing Ship |
| 13:51 | Build | Mining Camp |
| 14:15 | Create | Fishing Ship |
| 14:29 | Build | House |
| 14:48 | Build | Barracks |
| 14:54 | Create | Villager (Male) |
| 14:54 | Create | Villager (Male) |
| 15:54 | Build | Dock |
| 15:54 | Age | Feudal Age |
| 15:58 | Build | Blacksmith |
| 16:05 | Build | Stable |
| 16:28 | Create | Unit 2626 |
| 16:39 | Create | Villager (Male) |
| 16:56 | Create | Unit 2626 |
| 16:58 | Research | Castle Age |
| 16:58 | Research | Castle Age |
| 17:03 | Create | Scout Cavalry |
| 17:03 | Create | Scout Cavalry |
| 17:08 | Build | House |
| 17:12 | Create | Unit 2626 |
| 17:36 | Create | Unit 2626 |
| 17:38 | Create | Villager (Male) |
| 17:40 | Build | House |
| 17:44 | Create | Unit 2626 |
| 17:44 | Create | Unit 2626 |
| 18:10 | Create | Villager (Male) |
| 18:13 | Build | House |
| 18:30 | Create | Unit 2626 |
| 18:30 | Create | Unit 2626 |
| 18:58 | Create | Unit 2626 |
| 18:58 | Create | Unit 2626 |
| 19:37 | Build | House |
| 19:38 | Age | Castle Age |
| 19:43 | Research | War Galley (upgrade) |
| 19:48 | Research | Double-Bit Axe |
| 19:50 | Create | Scout Cavalry |
| 20:11 | Create | Unit 2626 |
| 20:12 | Create | Unit 2626 |
| 20:17 | Build | House |
| 20:22 | Create | Villager (Male) |
| 20:40 | Create | Unit 2626 |
| 20:49 | Create | Villager (Male) |
| 21:07 | Build | Town Center |
| 21:14 | Create | Villager (Male) |
| 21:14 | Create | Villager (Male) |
| 21:40 | Create | Unit 2626 |
| 21:40 | Create | Unit 2626 |
| 22:05 | Create | Villager (Male) |
| 22:20 | Create | Villager (Male) |
| 22:21 | Create | Villager (Male) |
| 22:22 | Create | Villager (Male) |
| 22:24 | Build | Archery Range |
| 22:29 | Build | Siege Workshop |
| 22:35 | Create | Villager (Male) |
| 22:41 | Create | Unit 2626 |
| 22:41 | Create | Unit 2626 |
| 22:57 | Create | Villager (Male) |
| 23:16 | Create | Villager (Male) |
| 23:17 | Create | Villager (Male) |
| 23:27 | Create | Scorpion |
| 23:39 | Create | Villager (Male) |
| 23:40 | Create | Villager (Male) |
| 23:49 | Research | Fletching |
| 23:56 | Create | Villager (Male) |
| 24:10 | Build | Town Center |
| 24:11 | Create | Villager (Male) |
| 24:11 | Create | Villager (Male) |
| 24:18 | Create | Fire Galley |
| 24:29 | Create | Villager (Male) |
| 24:31 | Build | House |
| 24:34 | Create | Villager (Male) |
| 24:34 | Create | Villager (Male) |
| 24:38 | Create | Villager (Male) |
| 24:38 | Create | Villager (Male) |
| 24:45 | Build | Lumber Camp |
| 24:46 | Create | Villager (Male) |
| 24:48 | Research | Bow Saw |
| 24:52 | Create | Unit 2626 |
| 25:04 | Create | Unit 2626 |
| 25:04 | Create | Unit 2626 |
| 25:06 | Create | Villager (Male) |
| 25:07 | Create | Villager (Male) |
| 25:18 | Create | Villager (Male) |
| 25:27 | Research | Tech 906 |
| 25:48 | Create | Villager (Male) |
| 26:01 | Build | Mining Camp |
| 26:14 | Build | Mill |
| 26:16 | Create | Villager (Male) |
| 26:16 | Create | Villager (Male) |
| 26:44 | Create | Unit 2626 |
Build order — Gun™
First 150 of 207 actions detected
| 0:23 | Build | Town Center |
| 0:28 | Build | Dock |
| 0:29 | Build | House |
| 2:10 | Build | Palisade Wall |
| 2:13 | Build | Palisade Wall |
| 2:30 | Build | Palisade Wall |
| 2:37 | Create | Villager (Male) |
| 2:37 | Create | Villager (Male) |
| 2:37 | Create | Villager (Male) |
| 2:40 | Create | Villager (Male) |
| 2:41 | Create | Villager (Male) |
| 3:56 | Create | Fishing Ship |
| 3:57 | Create | Fishing Ship |
| 3:57 | Create | Fishing Ship |
| 4:14 | Create | Villager (Male) |
| 4:25 | Create | Villager (Male) |
| 4:26 | Create | Villager (Male) |
| 4:59 | Build | House |
| 5:00 | Create | Villager (Male) |
| 5:00 | Create | Villager (Male) |
| 5:03 | Research | Loom |
| 5:05 | Create | Villager (Male) |
| 5:05 | Create | Villager (Male) |
| 5:37 | Build | House |
| 5:38 | Build | House |
| 5:42 | Create | Villager (Male) |
| 6:04 | Build | Palisade Wall |
| 6:05 | Build | Palisade Wall |
| 6:18 | Create | Villager (Male) |
| 6:19 | Create | Villager (Male) |
| 6:24 | Build | House |
| 6:42 | Create | Villager (Male) |
| 6:48 | Create | Fishing Ship |
| 6:48 | Create | Fishing Ship |
| 6:48 | Create | Fishing Ship |
| 6:59 | Create | Villager (Male) |
| 6:59 | Create | Villager (Male) |
| 7:29 | Create | Villager (Male) |
| 7:53 | Create | Villager (Male) |
| 7:53 | Create | Fishing Ship |
| 7:54 | Create | Fishing Ship |
| 7:54 | Create | Fishing Ship |
| 8:28 | Create | Villager (Male) |
| 8:28 | Create | Villager (Male) |
| 8:31 | Create | Fishing Ship |
| 8:37 | Build | House |
| 9:00 | Create | Villager (Male) |
| 9:00 | Create | Villager (Male) |
| 9:03 | Create | Villager (Male) |
| 9:04 | Create | Villager (Male) |
| 9:04 | Create | Villager (Male) |
| 9:22 | Create | Villager (Male) |
| 9:24 | Create | Fishing Ship |
| 9:53 | Build | Mining Camp |
| 10:03 | Create | Villager (Male) |
| 10:31 | Create | Villager (Male) |
| 10:38 | Create | Fishing Ship |
| 10:54 | Build | House |
| 11:06 | Research | Feudal Age |
| 11:06 | Research | Feudal Age |
| 11:07 | Create | Fishing Ship |
| 11:17 | Build | Lumber Camp |
| 12:31 | Build | Mill |
| 12:41 | Build | Dock |
| 13:07 | Build | Palisade Wall |
| 13:16 | Age | Feudal Age |
| 13:21 | Create | Unit 2626 |
| 13:21 | Create | Unit 2626 |
| 13:26 | Create | Unit 2626 |
| 13:30 | Create | Villager (Male) |
| 13:31 | Create | Villager (Male) |
| 13:40 | Build | Market |
| 14:00 | Create | Villager (Male) |
| 14:24 | Build | Blacksmith |
| 14:26 | Build | House |
| 14:30 | Build | Palisade Wall |
| 14:35 | Create | Villager (Male) |
| 14:43 | Research | Tech 906 |
| 14:51 | Create | Villager (Male) |
| 15:01 | Build | House |
| 15:02 | Build | House |
| 15:18 | Research | Castle Age |
| 15:31 | Research | Double-Bit Axe |
| 15:31 | Research | Double-Bit Axe |
| 15:41 | Create | Unit 2626 |
| 16:01 | Create | Unit 2626 |
| 16:15 | Build | Mining Camp |
| 16:35 | Create | Fire Galley |
| 16:35 | Create | Fire Galley |
| 16:46 | Create | Fire Galley |
| 17:57 | Create | Fishing Ship |
| 17:58 | Create | Fishing Ship |
| 17:59 | Age | Castle Age |
| 18:01 | Create | Villager (Male) |
| 18:01 | Create | Villager (Male) |
| 18:15 | Build | Town Center |
| 18:18 | Create | Villager (Male) |
| 18:30 | Create | Villager (Male) |
| 19:00 | Create | Unit 2626 |
| 19:00 | Create | Unit 2626 |
| 19:22 | Create | Villager (Male) |
| 19:23 | Create | Villager (Male) |
| 19:33 | Create | Villager (Male) |
| 19:35 | Create | Villager (Male) |
| 19:44 | Build | Palisade Wall |
| 20:05 | Create | Villager (Male) |
| 20:06 | Create | Villager (Male) |
| 20:08 | Create | Villager (Male) |
| 20:14 | Research | War Galley (upgrade) |
| 20:18 | Create | Fire Galley |
| 20:18 | Create | Fire Galley |
| 20:26 | Create | Villager (Male) |
| 20:36 | Create | Unit 2626 |
| 20:38 | Create | Villager (Male) |
| 20:38 | Create | Villager (Male) |
| 20:39 | Create | Villager (Male) |
| 20:58 | Build | Castle |
| 21:09 | Build | House |
| 21:13 | Build | House |
| 21:18 | Research | Wheelbarrow |
| 21:18 | Research | Wheelbarrow |
| 21:19 | Research | Bow Saw |
| 21:19 | Research | Bow Saw |
| 21:20 | Research | Horse Collar |
| 21:40 | Create | Unit 2626 ×3 |
| 21:47 | Build | House |
| 22:14 | Create | Villager (Male) |
| 22:14 | Create | Villager (Male) |
| 22:15 | Create | Villager (Male) |
| 22:15 | Create | Villager (Male) |
| 22:16 | Create | Villager (Male) |
| 22:23 | Research | Gold Mining |
| 22:48 | Build | Town Center |
| 22:56 | Build | Lumber Camp |
| 23:04 | Research | Heavy Plow |
| 23:05 | Research | Gold Mining |
| 23:06 | Create | Villager (Male) |
| 23:07 | Create | Villager (Male) |
| 23:07 | Create | Villager (Male) |
| 23:08 | Create | Villager (Male) |
| 23:17 | Create | Fire Galley |
| 23:18 | Create | Fire Galley |
| 24:05 | Create | Villager (Male) |
| 24:06 | Create | Villager (Male) |
| 24:15 | Build | Farm |
| 24:15 | Build | Farm |
| 24:15 | Build | Farm |
| 24:16 | Build | Farm |
| 24:16 | Build | Farm |
| 24:16 | Build | Farm |
Match timeline
| 0:24 | Mr.Peo · first_building Dock |
| 0:28 | Gun™ · first_building Dock |
| 0:32 | L.Js · first_building Dock |
| 0:35 | ELEOS | wosm · first_building Dock |
| 0:50 | Vukus · first_building Dock |
| 0:51 | Świdryfircyś · wall_segment Palisade Wall x1 |
| 0:52 | Świdryfircyś · wall_segment Palisade Wall x1 |
| 0:53 | Świdryfircyś · wall_segment Palisade Wall x1 |
| 0:56 | Świdryfircyś · wall_segment Palisade Wall x1 |
| 0:59 | Świdryfircyś · wall_segment Palisade Wall x1 |
| 1:04 | Świdryfircyś · wall_segment Palisade Wall x1 |
| 1:05 | Świdryfircyś · wall_segment Palisade Wall x1 |
| 1:07 | Świdryfircyś · wall_segment Palisade Wall x1 |
| 1:24 | OS | dreamerion92 · first_building Dock |
| 1:26 | Dovecar · first_building Dock |
| 1:53 | Świdryfircyś · first_building Dock |
| 2:10 | Gun™ · wall_segment Palisade Wall x1 |
| 2:13 | Gun™ · wall_segment Palisade Wall x1 |
| 2:30 | Gun™ · wall_segment Palisade Wall x1 |
| 6:04 | Gun™ · wall_segment Palisade Wall x1 |
| 6:05 | Gun™ · wall_segment Palisade Wall x1 |
| 8:08 | Dovecar · wall_segment Palisade Wall x1 |
| 8:08 | Dovecar · wall_segment Palisade Wall x1 |
| 8:08 | Dovecar · wall_segment Palisade Wall x1 |
| 8:58 | Dovecar · wall_segment Palisade Wall x1 |
| 8:59 | Dovecar · wall_segment Palisade Wall x1 |
| 9:02 | Dovecar · wall_segment Palisade Wall x1 |
| 10:03 | Dovecar · wall_segment Palisade Wall x6 |
| 10:49 | L.Js · first_building Barracks |
| 11:30 | Dovecar · wall_segment Palisade Wall x6 |
| 11:44 | Dovecar · wall_segment Palisade Wall x1 |
| 11:45 | Dovecar · first_building Barracks |
| 11:48 | Vukus · first_building Barracks |
| 11:53 | Mr.Peo · first_building Barracks |
| 12:09 | Dovecar · wall_segment Palisade Wall x1 |
| 12:10 | Dovecar · wall_segment Palisade Wall x1 |
| 12:10 | Dovecar · wall_segment Palisade Wall x1 |
| 12:11 | Dovecar · wall_segment Palisade Wall x1 |
| 12:11 | Dovecar · wall_segment Palisade Wall x1 |
| 12:34 | L.Js · age_up feudal |
| 12:36 | L.Js · first_building Archery Range |
| 12:49 | Mr.Peo · age_up feudal |
| 12:52 | Mr.Peo · first_building Archery Range |
| 13:07 | Gun™ · wall_segment Palisade Wall x4 |
| 13:09 | Vukus · age_up feudal |
| 13:16 | Gun™ · age_up feudal |
| 13:18 | Vukus · first_building Stable |
| 13:20 | L.Js · wall_segment Palisade Wall x7 |
| 13:23 | Dovecar · age_up feudal |
| 13:24 | Dovecar · first_building Stable |
| 13:33 | Dovecar · wall_segment Palisade Wall x1 |
| 13:33 | Dovecar · wall_segment Palisade Wall x1 |
| 13:38 | Dovecar · wall_segment Palisade Wall x1 |
| 13:49 | ELEOS | wosm · first_building Barracks |
| 13:58 | Mr.Peo · wall_segment Palisade Wall x1 |
| 14:30 | Gun™ · wall_segment Palisade Wall x3 |
| 14:48 | Świdryfircyś · first_building Barracks |
| 14:58 | ELEOS | wosm · age_up feudal |
| 15:01 | ELEOS | wosm · first_building Stable |
| 15:16 | OS | dreamerion92 · age_up feudal |
| 15:29 | Mr.Peo · wall_segment Palisade Wall x10 |
| 15:40 | Mr.Peo · age_up castle |
| 15:54 | Świdryfircyś · age_up feudal |
| 16:05 | Świdryfircyś · first_building Stable |
| 16:14 | L.Js · age_up castle |
| 16:26 | Mr.Peo · wall_segment Palisade Wall x2 |
| 17:19 | Dovecar · age_up castle |
| 17:23 | Mr.Peo · wall_segment Palisade Wall x1 |
| 17:39 | Dovecar · first_building Siege Workshop |
| 17:45 | Vukus · first_market_sell 100 wood |
| 17:46 | Vukus · first_market_buy 100 food |
| 17:56 | OS | dreamerion92 · wall_segment Palisade Wall x1 |
| 17:59 | Gun™ · age_up castle |
| 18:04 | Gun™ · first_market_buy 100 wood |
| 18:09 | OS | dreamerion92 · first_building Barracks |
| 18:29 | ELEOS | wosm · age_up castle |
| 18:48 | OS | dreamerion92 · age_up castle |
| 19:38 | Świdryfircyś · age_up castle |
| 19:44 | Gun™ · wall_segment Palisade Wall x1 |
| 19:56 | Dovecar · first_building Archery Range |
| 20:26 | Vukus · age_up castle |
| 20:39 | Vukus · first_building Siege Workshop |
| 20:58 | Gun™ · first_building Castle |
| 21:38 | OS | dreamerion92 · first_building Archery Range |
| 21:46 | OS | dreamerion92 · first_building Siege Workshop |
| 22:00 | ELEOS | wosm · first_building Siege Workshop |
| 22:24 | Świdryfircyś · first_building Archery Range |
| 22:29 | Świdryfircyś · first_building Siege Workshop |
| 22:53 | L.Js · wall_segment Palisade Wall x1 |
| 23:17 | OS | dreamerion92 · first_building Monastery |
| 23:29 | Mr.Peo · wall_segment Palisade Wall x1 |
| 23:39 | Mr.Peo · first_building Siege Workshop |
| 24:53 | Vukus · first_building Monastery |
| 25:28 | OS | dreamerion92 · first_market_sell 500 wood |
| 25:29 | OS | dreamerion92 · first_market_buy 500 stone |
| 25:43 | OS | dreamerion92 · first_building Castle |
| 26:43 | Vukus · wall_segment Palisade Wall x3 |
| 27:29 | OS | dreamerion92 · resign |
[ AI ANALYSIS · 1 CREDIT ]
What really happened in this match?
Wolo.gg analyzes every decision: build order, eco, micro, common mistakes by bracket. Personalized analysis on WhatsApp or Discord in 30 seconds.
Civ guide
Lithuanians
Perfil
Jugador #19175274